 Dungeon Crawl Stone Soup version 0.29.1-1-gd02db6906a (webtiles) character file.

Game seed: 15945446491078328335

7055 safid the Marksminotaur (level 10, -9/86 HPs)
             Began as a Minotaur Hunter on Oct 13, 2022.
             Was a Follower of Okawaru.
             Killed from afar by an acid dragon (27 damage)
             ... with a splash of acid
             ... on level 10 of the Dungeon.
             The game lasted 00:25:05 (14799 turns).

safid the Marksminotaur (Minotaur Hunter)          Turns: 14799, Time: 00:25:06

Health: -9/86      AC:  2    Str: 11    XL:     10   Next: 83%
Magic:  11/11      EV: 27    Int: 13    God:    Okawaru [*.....]
Gold:   513        SH:  0    Dex: 24    Spells: 7/9 levels left

rFire   . . .      SeeInvis .   a - +0 shortbow
rCold   . . .      Faith    .   (shield currently unavailable)
rNeg    . . .      Spirit   .   c - +0 leather armour
rPois   +          Reflect  .   (helmet restricted)
rElec   .          Harm     .   s - +1 cloak
rCorr   .          Rampage  .   f - +0 pair of gloves
Will    .....                   (no boots)
Stlth   ++........              q - amulet of the acrobat
HPRegen 0.24/turn               w - ring of poison resistance
MPRegen 0.12/turn               y - ring of Asiaxis {Str-5 Int+7 Dex+6}

@: corroded, acrobatic
A: horns 2, retaliatory headbutt
a: Renounce Religion, Heroism


You were on level 10 of the Dungeon.
You worshipped Okawaru.
Okawaru was aware of your devotion.
You visited 2 branches of the dungeon, and saw 11 of its levels.

You collected 533 gold pieces.
You spent 20 gold pieces at shops.

Inventory:

Hand Weapons
 a - a +0 shortbow (weapon)
Missiles
 F - 3 throwing nets
Armour
 c - a +0 leather armour (worn)
 f - a +0 pair of gloves (worn)
 s - a +1 cloak (worn)
Jewellery
 o - a ring of fire
 q - an amulet of the acrobat (around neck)
 w - a ring of poison resistance (left hand)
 y - the ring of Asiaxis (right hand) {Str-5 Int+7 Dex+6}
   (You found it on level 4 of the Dungeon)

   [ring of dexterity]

   Str:       It affects your strength (-5).
   Int:       It affects your intelligence (+7).
   Dex:       It affects your dexterity (+6).
Wands
 b - a wand of flame (23)
 r - a wand of iceblast (10)
 z - a wand of digging (1)
Scrolls
 g - 5 scrolls of enchant armour
 j - 4 scrolls of teleportation
 m - a scroll of poison {unknown}
 n - 2 scrolls of magic mapping {unknown}
 p - a scroll of enchant weapon {unknown}
 u - a scroll of fear {unknown}
 x - a scroll of silence {unknown}
 B - a scroll of brand weapon {unknown}
 C - a scroll of acquirement {unknown}
 G - a scroll of torment {unknown}
 H - a scroll of vulnerability {unknown}
Potions
 d - a potion of curing
 e - a potion of ambrosia {unknown}
 i - a potion of attraction {unknown}
 k - a potion of lignification {unknown}
 l - 3 potions of haste
 t - 5 potions of flight
 v - 3 potions of brilliance {unknown}
 A - a potion of resistance {unknown}
 D - 3 potions of cancellation {unknown}
 E - 2 potions of might {unknown}


   Skills:
 + Level 7.1 Fighting
 - Level 16.0 Ranged Weapons
 - Level 2.1 Dodging
 - Level 0.7 Stealth
 + Level 3.9 Translocations
 + Level 3.2 Invocations


You had 7 spell levels left.
You knew the following spells:

 Your Spells              Type           Power      Damage    Failure   Level
a - Blink                 Tloc           20%        N/A       12%         2

Your spell library contained the following spells:

 Spells                   Type           Power      Damage    Failure   Level
 Sublimation of Blood     Necr           0%         N/A       52%         2
 Iskenderun's Mystic Bla  Conj/Tloc      5%         2d3       88%         4
 Manifold Assault         Tloc           10%        N/A       92%         5
 Airstrike                Air            0%         2d(0-16)  99%         4
 Fulminant Prism          Conj/Hex       0%         3d6       99%         4
 Petrify                  Tmut/Erth      0%         N/A       99%         4
 Irradiate                Conj/Tmut      0%         3d11      100%        5
 Lee's Rapid Deconstruct  Erth           0%         3d5*      100%        5
 Lightning Bolt           Conj/Air       0%         1d11      100%        5
 Storm Form               Tmut/Air       0%         N/A       100%        7
 Summon Lightning Spire   Summ/Air       Unusable   N/A       N/A         4

Dungeon Overview and Level Annotations

Branches:
Dungeon (10/15)            Temple (1/1) D:6
   Lair: D:8-11         Orc: D:9-12

Altars:
Ashenzari
Cheibriados
Dithmenos
Elyvilon
Fedhas
Gozag
Hepliaklqana
Kikubaaqudgha
Makhleb
Nemelex Xobeh
Okawaru
Qazlal
Ru
Sif Muna
Trog
Uskayaw
Vehumet
Wu Jian
Xom
Yredelemnul
Zin
The Shining One

Shops:
D:1 *   D:7 (   D:9 (

Annotations:
D:9 2 transporters, 3 runed translucent doors, TheGhostDragon952's ghost, novice MiFi


Innate Abilities, Weirdness & Mutations

You have a pair of horns on your head.
You reflexively headbutt those who attack you in melee.


Message History

You shoot an arrow. The arrow hits the acid dragon.
The acid dragon is heavily wounded.
You shoot an arrow.
The arrow barely misses the acid dragon.
You shoot an arrow.
The arrow closely misses the acid dragon.
You shoot an arrow.
The arrow hits the acid dragon but does no damage.
The acid dragon is heavily wounded.
You shoot an arrow.
The arrow hits the acid dragon but does no damage.
The acid dragon is heavily wounded.
You shoot an arrow. The arrow hits the acid dragon.
The acid dragon is heavily wounded.
You shoot an arrow.
The arrow hits the acid dragon but does no damage.
The acid dragon is heavily wounded.
You shoot an arrow.
The arrow hits the acid dragon but does no damage.
The acid dragon is heavily wounded.
You shoot an arrow. The arrow hits the acid dragon.
The acid dragon is heavily wounded.
The acid dragon bites you! The acid dragon claws you.
You shoot an arrow.
The arrow hits the acid dragon but does no damage.
The acid dragon is heavily wounded.
You shoot an arrow.
The arrow barely misses the acid dragon.
The acid dragon bites you! The acid dragon claws you.
You are too injured to fight recklessly!
You are too injured to fight recklessly!
You are too injured to fight recklessly!
You are too injured to fight recklessly!
You are too injured to fight recklessly!
The acid dragon spits acid at you. The splash of acid hits you!!
* * * LOW HITPOINT WARNING * * *
The acid dragon spits acid at you. The splash of acid hits you!!
You die...

#.......[......
+.$............
####
#..............
....
.......!...>...
..... #....#
..... +D...#
...... #....#
......######....#
.>.........@.####
.............#
/......†.....+
.............#
..........<..#
......####....#
...... #....#
...... #....#
...... #....#


You could see an acid dragon (catching breath).

Vanquished Creatures
  Joseph (D:8)
  A komodo dragon (D:10)
  Prince Ribbit (D:6)
  Sigmund (D:5)
  A shadow (D:9)
  A wraith (D:9)
  2 yaks (D:10)
  A wyvern (D:8)
  2 steam dragons
  Menkaure (D:6)
  2 acid dragons
  A water moccasin (D:8)
  An ice beast (D:7)
  2 sky beasts
  4 orc warriors
  7 black bears
  3 ogres
  A phantom (D:7)
  4 kobold brigands
  4 bullfrogs
  A necrophage (D:6)
  2 wyvern zombies (D:7)
  4 gnoll sergeants
  4 scorpions
  A water moccasin zombie (D:7)
  3 wights (D:7)
  12 killer bees
  2 centaur zombies (D:7)
  5 hounds
  A jelly (D:6)
  5 orc priests
  6 iguanas
  8 orc wizards
  2 howler monkey zombies (D:7)
  27 gnolls
  5 adders
  An ufetubus (D:7)
  A worm (D:4)
  2 dart slugs
  27 orcs
  4 ball pythons
  5 bats
  8 endoplasms
  A giant cockroach (D:1)
  9 goblins
  6 hobgoblins
  2 jackals (D:4)
  2 quokkas
  A frilled lizard (D:2)
  24 kobolds
  3 rats
225 creatures vanquished.

Vanquished Creatures (others)
  2 fungi (D:10)
  4 plants
  A withered plant (D:7)
7 creatures vanquished.

Grand Total: 232 creatures vanquished

Notes
Turn   | Place    | Note
-------+----------+-------------------------------------------
     0 | D:1      | safid the Minotaur Hunter began the quest for the Orb.
     0 | D:1      | Reached XP level 1. HP: 18/18 MP: 0/0
   293 | D:1      | Reached XP level 2. HP: 26/26 MP: 1/1
   413 | D:1      | Found Xunix's General Store.
   546 | D:1      | Found a faded altar of an unknown god.
   560 | D:1      | Reached skill level 5 in Ranged Weapons
   846 | D:1      | Bought a scroll of identify for 20 gold pieces
   876 | D:2      | Reached XP level 3. HP: 31/31 MP: 2/2
  1153 | D:2      | Reached skill level 6 in Ranged Weapons
  1153 | D:2      | Reached XP level 4. HP: 17/38 MP: 3/3
  2595 | D:3      | Reached XP level 5. HP: 44/45 MP: 4/4
  2704 | D:3      | Reached skill level 7 in Ranged Weapons
  3186 | D:3      | Found the +3 woodcutter's axe {vorpal}
  3492 | D:3      | Found a burning altar of Makhleb.
  3996 | D:3      | Reached XP level 6. HP: 43/51 MP: 5/5
  4235 | D:4      | You fall into a shaft and drop 1 floor!
  4235 | D:5      | Entered Level 5 of the Dungeon
  4273 | D:5      | Reached skill level 8 in Ranged Weapons
  4481 | D:4      | Reached skill level 9 in Ranged Weapons
  4519 | D:4      | Found a broken altar of Ashenzari.
  4547 | D:4      | Reached XP level 7. HP: 52/57 MP: 6/6
  4854 | D:4      | Identified the ring of Asiaxis {Str-5 Int+7 Dex+6}
  4923 | D:4      | Found an opulent altar of Gozag.
  5319 | D:4      | Found a glowing silver altar of Zin.
  5381 | D:5      | Reached skill level 10 in Ranged Weapons
  5633 | D:5      | Noticed Sigmund
  5925 | D:5      | Reached skill level 11 in Ranged Weapons
  5925 | D:5      | Reached XP level 8. HP: 63/63 MP: 7/7
  6700 | D:5      | Killed Sigmund
  7124 | D:6      | Reached skill level 12 in Ranged Weapons
  7199 | D:6      | Found a staircase to the Ecumenical Temple.
  7220 | Temple   | Entered the Ecumenical Temple
  7523 | D:6      | Noticed Prince Ribbit
  7529 | D:6      | Killed Prince Ribbit
  7625 | D:6      | Reached skill level 13 in Ranged Weapons
  7649 | D:6      | Learned a level 2 spell: Blink
  7877 | D:6      | Found a hazy altar of Hepliaklqana.
  7881 | D:6      | Reached XP level 9. HP: 29/69 MP: 8/8
  8801 | D:6      | Noticed Menkaure
  8804 | D:6      | Killed Menkaure
  8805 | D:6      | Reached skill level 14 in Ranged Weapons
  9995 | D:7      | Reached skill level 15 in Ranged Weapons
 10154 | D:7      | Found a shimmering altar of Xom.
 10206 | D:7      | Found a hide-covered altar of Uskayaw.
 10263 | D:7      | Identified the +8 falchion "Lexicin" {venom, rElec rPois
                  | rC++ Will-}
 10600 | D:7      | Found Eqadag's Antique Weapon Shoppe.
 11108 | D:8      | Identified the +11 hand axe "Xoise" {venom, Str+7}
 11116 | D:8      | Reached XP level 10. HP: 47/77 MP: 9/9
 11283 | D:7      | Reached skill level 16 in Ranged Weapons
 11456 | D:8      | Reached skill level 1 in Translocations
 12188 | D:8      | Noticed Joseph
 12206 | D:8      | Killed Joseph
 12207 | D:8      | Reached skill level 5 in Fighting
 12534 | D:9      | Found a transporter.
 12534 | D:9      | Found a transporter.
 12608 | D:9      | Found Veeqamip's Weapon Emporium.
 12793 | D:9      | Found a runed translucent gate.
 12793 | D:9      | Found a runed translucent gate.
 12794 | D:9      | Found a runed translucent gate.
 12796 | D:9      | Noticed TheGhostDragon952's ghost (novice MiFi)
 12796 | D:9      | Noticed an 11-headed hydra
 12902 | D:9      | Found an iron altar of Okawaru.
 12979 | D:9      | Became a worshipper of Warmaster Okawaru
 13269 | D:9      | Found a sacrificial altar of Ru.
 13294 | D:9      | Reached skill level 1 in Invocations
 13601 | D:10     | Entered Level 10 of the Dungeon
 14183 | D:10     | Reached * piety under Okawaru
 14292 | D:10     | Found a shimmering blue altar of Sif Muna.
 14799 | D:10     | Killed from afar by an acid dragon

Illustrated notes

Levels and vault maps discovered:
D:1:      heliophobic_arrival_ceremonial_halls, layout_rooms,
          ebering_ecumenical_altar_sacrificial, serial_shops, shop_fountains,
          minmay_hedge_maze, st_stairs_3, nrook_uturn, bh_walls_and_bars
D:2:      layout_loops_corners
D:3:      layout_loops_corners, mainiacjoe_overflow_24_doors,
          pf_guarded_unrand_woodcutter
D:4:      cheibrodos_old_hovel, layout_gridville,
          pdpol_temple_overflow_zin_treasury_gozag_greed,
          cheibrodos_ashenzari_chains
D:5:      layout_layer_cave, minmay_misc_feat_hallway, kennysheep_boxes,
          uniq_sigmund
D:6:      layout_layer_cave, worldfamousw_hep_ancestral_shrine,
          minmay_temple_entry_stoned_glass, uniq_prince_ribbit1, uniq_menkaure
D:7:      layout_loops_ring, mainiacjoe_overflow_catwalk_spiral, serial_undead,
          serial_undead_c, serial_undead_a, serial_undead_e, serial_undead_b,
          serial_shops, shop, nrook_loot_triangle
D:8:      layout_layer_cave, uniq_joseph
D:9:      gammafunk_steamed_eel, layout_stronghold,
          mainiacjoe_overflow_concentric_impassable, amcnicky_altar_gilded,
          serial_shops, nicolae_lakefront_shop, gammafunk_ghost_hydra_chop
D:10:     layout_gridville, lemuel_tele_altar, grunt_lair_entry_orc_guard_hut
Temple:   nicolae_temple_slightly_damp_pantheon

Skill      XL: |  1  2  3  4  5  6  7  8  9 10 |
---------------+-------------------------------+-----
Fighting       | 3 7 |  7.1
Ranged Weapons | 5 6 7 9 11 13 15 16 | 16.0
Translocations | 3 |  3.9
Invocations    | 3 |  3.2
Dodging        | |  2.1
Stealth        | |  0.7

Action                   |  1- 3 |  4- 6 |  7- 9 | 10-12 || total
-------------------------+-------+-------+-------+-------++-------
Melee: Shortbow          |       |       |     1 |     1 ||     2
 Fire: Shortbow          |    69 |   178 |   491 |   317 ||  1055
  Use: Scroll            |       |       |     5 |     5 ||    10
       Potion            |       |       |       |     8 ||     8
Armor: Leather armour    |    10 |    23 |    40 |    79 ||   152
Dodge: Dodged            |    17 |    73 |   147 |   168 ||   405
